[ AOE2 MATCH · #506669277 ]
UnrankedBerbers vs Poles
Player's team · LOSS
Rival team · WIN
[ REPLAY ANALYSIS · EXTRACTED FROM THE RECORDED GAME ]
Feudal
9:17
Castle
19:48
Imperial
34:44
| APM avg | 53.8 |
| APM peak | 85 |
| eAPM avg | 30.4 |
| Villagers / military | 165 / 179 |
Focus
⚔️ 37.8% · 🌾 62.2%
Genitour ×97 · Camel Archer ×40 · Scout Cavalry ×23 · Trebuchet (Packed) ×6 · Monk ×5 · Archer ×4
Feudal
12:00
Castle
18:26
Imperial
32:07
| APM avg | 49.4 |
| APM peak | 95 |
| eAPM avg | 24.4 |
| Villagers / military | 145 / 234 |
Focus
⚔️ 45.0% · 🌾 55.0%
Scout Cavalry ×91 · Archer ×81 · Skirmisher ×48 · Trebuchet (Packed) ×5 · Knight ×4 · Militia ×3
Match map
Initial resources + every placement click. Lines = walls · curves = elevation contours. ◆ gold · ⬟ stone · ● berries · ✦ relic · ◌ wall gap
Your base· ✓ Closed at 19:48 · 41t walls · 1 gate(s)
Lootuskukka's base· ✓ Closed at 18:26 · 70t walls · 1 gate(s)
Smoothed initial terrain · ◌ = detected wall gap · hover for details
Inputs per minute
— Kurminog - - Lootuskukka
Build order — Kurminog
First 150 of 519 actions detected
| 0:00 | Create | Villager (Male) |
| 0:01 | Create | Villager (Male) |
| 0:02 | Build | House |
| 0:02 | Build | House |
| 0:17 | Create | Villager (Male) |
| 0:54 | Create | Villager (Male) |
| 1:33 | Create | Villager (Male) |
| 2:01 | Create | Villager (Male) |
| 2:19 | Create | Villager (Male) |
| 2:20 | Create | Villager (Male) |
| 2:22 | Build | Lumber Camp |
| 2:49 | Create | Villager (Male) |
| 3:01 | Create | Villager (Male) |
| 3:39 | Create | Villager (Male) |
| 3:56 | Create | Villager (Male) |
| 4:18 | Build | House |
| 4:21 | Research | Loom |
| 4:27 | Create | Villager (Male) |
| 4:53 | Build | House |
| 4:59 | Create | Villager (Male) |
| 5:03 | Build | Palisade Wall |
| 5:29 | Build | Mill |
| 5:43 | Create | Villager (Male) |
| 5:54 | Build | Palisade Wall |
| 6:10 | Create | Villager (Male) |
| 6:42 | Create | Villager (Male) |
| 6:53 | Build | Palisade Wall |
| 7:05 | Research | Feudal Age |
| 7:05 | Research | Feudal Age |
| 7:55 | Build | Lumber Camp |
| 8:20 | Build | House |
| 8:34 | Build | Palisade Wall |
| 8:35 | Build | House |
| 8:38 | Build | House |
| 8:40 | Build | Palisade Wall |
| 8:41 | Build | Palisade Wall |
| 8:50 | Build | Palisade Wall |
| 8:58 | Build | Palisade Wall |
| 9:15 | Build | Palisade Wall |
| 9:17 | Create | Villager (Male) |
| 9:17 | Age | Feudal Age |
| 9:18 | Build | Barracks |
| 9:22 | Research | Double-Bit Axe |
| 9:28 | Create | Villager (Male) |
| 9:54 | Build | Palisade Wall |
| 9:56 | Build | Palisade Wall |
| 10:01 | Build | House |
| 10:04 | Build | Palisade Wall |
| 10:08 | Create | Villager (Male) |
| 10:34 | Build | Archery Range |
| 10:35 | Create | Villager (Male) |
| 10:59 | Create | Villager (Male) |
| 11:12 | Build | Mining Camp |
| 11:18 | Create | Archer |
| 11:22 | Research | Horse Collar |
| 11:23 | Create | Villager (Male) |
| 11:45 | Build | Farm |
| 11:46 | Build | Farm |
| 11:47 | Create | Villager (Male) |
| 11:53 | Build | Farm |
| 11:53 | Create | Villager (Male) |
| 12:11 | Build | Farm |
| 12:12 | Create | Archer |
| 12:17 | Build | Farm |
| 12:27 | Build | Farm |
| 12:46 | Create | Archer |
| 12:47 | Create | Villager (Male) |
| 12:54 | Build | Farm |
| 12:56 | Build | Farm |
| 13:05 | Build | Palisade Wall |
| 13:09 | Create | Villager (Male) |
| 13:19 | Build | Farm |
| 13:21 | Build | Farm |
| 13:22 | Create | Villager (Male) |
| 13:25 | Build | Palisade Gate |
| 13:33 | Build | House |
| 13:35 | Build | Palisade Wall |
| 13:35 | Build | Palisade Wall |
| 13:43 | Build | Farm |
| 13:43 | Create | Villager (Male) |
| 13:45 | Create | Archer |
| 14:14 | Build | Farm |
| 14:30 | Create | Villager (Male) |
| 14:46 | Create | Villager (Male) |
| 14:51 | Build | Farm |
| 15:02 | Build | Market |
| 15:04 | Create | Villager (Male) |
| 15:17 | Build | Mining Camp |
| 15:29 | Create | Villager (Male) |
| 15:44 | Build | House |
| 16:01 | Create | Villager (Male) |
| 16:38 | Create | Villager (Male) |
| 17:00 | Create | Skirmisher |
| 17:08 | Research | Castle Age |
| 17:13 | Build | Blacksmith |
| 17:15 | Build | House |
| 17:29 | Create | Skirmisher |
| 17:44 | Build | House |
| 17:44 | Build | House |
| 18:00 | Research | Fletching |
| 18:04 | Create | Skirmisher |
| 18:07 | Research | Padded Archer Armor |
| 18:54 | Build | Stable |
| 19:29 | Create | Villager (Male) |
| 19:48 | Age | Castle Age |
| 19:49 | Create | Genitour |
| 19:49 | Create | Genitour |
| 19:51 | Research | Bodkin Arrow |
| 19:52 | Create | Villager (Male) |
| 19:59 | Build | House |
| 20:01 | Build | House |
| 20:21 | Research | Wheelbarrow |
| 20:24 | Create | Genitour |
| 20:28 | Research | Husbandry |
| 20:35 | Create | Villager (Male) |
| 20:46 | Build | Castle |
| 20:53 | Build | Farm |
| 20:53 | Create | Villager (Male) |
| 21:03 | Create | Villager (Male) |
| 21:07 | Create | Genitour |
| 21:26 | Create | Skirmisher |
| 21:49 | Create | Villager (Male) |
| 21:56 | Build | Town Center |
| 22:02 | Create | Camel Archer |
| 22:15 | Create | Villager (Male) |
| 22:22 | Build | Palisade Wall |
| 22:28 | Research | Bow Saw |
| 22:29 | Create | Villager (Male) |
| 22:33 | Create | Camel Archer |
| 22:38 | Create | Villager (Male) |
| 23:05 | Create | Villager (Male) |
| 23:07 | Build | Monastery |
| 23:10 | Create | Camel Archer |
| 23:20 | Research | Town Watch |
| 23:21 | Create | Camel Archer |
| 23:34 | Create | Villager (Male) |
| 23:51 | Create | Monk |
| 23:53 | Create | Villager (Male) |
| 23:53 | Create | Villager (Male) |
| 24:00 | Create | Villager (Male) |
| 24:08 | Research | Leather Archer Armor |
| 24:09 | Research | Leather Archer Armor |
| 24:09 | Create | Villager (Male) |
| 24:27 | Create | Villager (Male) |
| 24:28 | Build | Farm |
| 24:34 | Create | Villager (Male) |
| 24:40 | Create | Villager (Male) |
| 24:50 | Create | Villager (Male) |
| 24:51 | Create | Camel Archer |
| 24:55 | Create | Villager (Male) |
Build order — Lootuskukka
First 150 of 524 actions detected
| 0:00 | Create | Villager (Male) |
| 0:00 | Create | Villager (Male) |
| 0:00 | Create | Villager (Male) |
| 0:01 | Build | House |
| 0:02 | Build | House |
| 0:16 | Create | Villager (Male) |
| 1:24 | Create | Villager (Male) |
| 2:05 | Build | Lumber Camp |
| 2:07 | Create | Villager (Male) |
| 2:13 | Create | Villager (Male) |
| 2:54 | Create | Villager (Male) |
| 3:07 | Create | Villager (Male) |
| 3:46 | Create | Villager (Male) |
| 3:55 | Build | House |
| 3:56 | Build | House |
| 4:04 | Create | Villager (Male) |
| 4:25 | Create | Villager (Male) |
| 5:08 | Create | Villager (Male) |
| 5:14 | Build | Barracks |
| 5:30 | Create | Villager (Male) |
| 5:44 | Build | Palisade Wall |
| 5:47 | Create | Villager (Male) |
| 6:10 | Create | Militia |
| 6:10 | Create | Militia |
| 6:16 | Build | Palisade Wall |
| 6:22 | Build | Palisade Wall |
| 6:25 | Create | Villager (Male) |
| 6:38 | Build | Mill |
| 6:48 | Create | Militia |
| 6:50 | Create | Villager (Male) |
| 7:05 | Build | House |
| 7:07 | Build | Palisade Wall |
| 7:08 | Build | Palisade Wall |
| 7:12 | Create | Villager (Male) |
| 7:33 | Create | Villager (Male) |
| 7:52 | Create | Villager (Male) |
| 8:03 | Build | Farm |
| 8:10 | Build | Palisade Wall |
| 8:22 | Create | Villager (Male) |
| 8:52 | Create | Villager (Male) |
| 9:06 | Build | Farm |
| 9:19 | Build | Palisade Wall |
| 9:25 | Research | Loom |
| 9:25 | Research | Feudal Age |
| 9:33 | Build | Palisade Wall |
| 9:45 | Build | Palisade Wall |
| 9:49 | Build | Palisade Wall |
| 9:50 | Build | Palisade Wall |
| 9:51 | Build | Palisade Wall |
| 10:09 | Build | Palisade Wall |
| 10:23 | Build | Mining Camp |
| 10:37 | Build | Palisade Wall |
| 10:43 | Build | Palisade Wall |
| 10:46 | Build | Palisade Wall |
| 10:47 | Build | Palisade Wall |
| 11:13 | Create | Villager (Male) |
| 11:15 | Build | Farm |
| 11:18 | Build | House |
| 11:21 | Build | Palisade Wall |
| 11:32 | Build | Farm |
| 11:33 | Create | Villager (Male) |
| 11:47 | Build | House |
| 11:48 | Build | Palisade Wall |
| 11:53 | Build | House |
| 12:00 | Age | Feudal Age |
| 12:08 | Build | Archery Range |
| 12:17 | Create | Villager (Male) |
| 12:18 | Research | Double-Bit Axe |
| 12:22 | Create | Villager (Male) |
| 12:45 | Build | House |
| 12:59 | Build | Farm |
| 13:00 | Create | Villager (Male) |
| 13:03 | Create | Villager (Male) |
| 13:08 | Create | Archer |
| 13:16 | Build | House |
| 13:19 | Build | Farm |
| 13:30 | Create | Archer |
| 13:35 | Create | Villager (Male) |
| 13:45 | Build | Mill |
| 13:50 | Build | House |
| 13:51 | Build | Palisade Wall |
| 13:55 | Create | Archer |
| 14:31 | Build | Farm |
| 14:32 | Create | Villager (Male) |
| 14:43 | Build | Blacksmith |
| 14:49 | Create | Archer |
| 15:05 | Build | Farm |
| 15:10 | Create | Villager (Male) |
| 15:14 | Build | Farm |
| 15:37 | Build | Farm |
| 15:46 | Research | Castle Age |
| 15:47 | Create | Archer |
| 15:52 | Build | Palisade Gate |
| 16:04 | Research | Horse Collar |
| 16:04 | Research | Horse Collar |
| 16:24 | Research | Fletching |
| 16:28 | Create | Archer |
| 16:36 | Build | House |
| 16:58 | Build | Farm |
| 17:04 | Build | Farm |
| 17:05 | Build | Farm |
| 17:06 | Create | Archer |
| 17:09 | Create | Archer |
| 17:20 | Build | House |
| 17:30 | Research | Padded Archer Armor |
| 18:18 | Create | Villager (Male) |
| 18:26 | Age | Castle Age |
| 18:28 | Research | Crossbowman (upgrade) |
| 18:28 | Research | Bodkin Arrow |
| 18:36 | Build | Farm |
| 18:38 | Build | Farm |
| 18:40 | Build | Farm |
| 18:42 | Build | Farm |
| 18:42 | Create | Villager (Male) |
| 18:47 | Create | Villager (Male) |
| 18:54 | Create | Archer |
| 18:54 | Create | Archer |
| 19:22 | Create | Villager (Male) |
| 19:26 | Build | Town Center |
| 19:31 | Create | Villager (Male) |
| 19:32 | Create | Archer |
| 19:43 | Research | Bow Saw |
| 19:43 | Create | Villager (Male) |
| 19:56 | Research | Wheelbarrow |
| 20:07 | Create | Archer |
| 20:19 | Create | Villager (Male) |
| 20:20 | Build | Farm |
| 20:42 | Create | Villager (Male) |
| 20:59 | Build | Stable |
| 21:04 | Build | Stable |
| 21:30 | Create | Villager (Male) |
| 21:35 | Create | Villager (Male) |
| 21:35 | Create | Villager (Male) |
| 21:45 | Build | Town Center |
| 21:48 | Create | Archer |
| 21:55 | Create | Archer |
| 22:02 | Build | Farm |
| 22:03 | Create | Villager (Male) |
| 22:06 | Create | Knight |
| 22:06 | Create | Knight |
| 22:37 | Build | Farm |
| 22:37 | Create | Villager (Male) |
| 22:40 | Create | Archer |
| 22:41 | Create | Knight |
| 22:45 | Build | Farm |
| 23:01 | Create | Villager (Male) |
| 23:06 | Create | Archer |
| 23:10 | Build | Mill |
| 23:11 | Build | Farm |
| 23:11 | Build | Farm |
Match timeline
| 5:03 | Kurminog · wall_segment Palisade Wall x6 |
| 5:14 | Lootuskukka · first_building Barracks |
| 5:44 | Lootuskukka · wall_segment Palisade Wall x3 |
| 5:54 | Kurminog · wall_segment Palisade Wall x10 |
| 6:16 | Lootuskukka · wall_segment Palisade Wall x3 |
| 6:22 | Lootuskukka · wall_segment Palisade Wall x3 |
| 6:53 | Kurminog · wall_segment Palisade Wall x14 |
| 7:07 | Lootuskukka · wall_segment Palisade Wall x2 |
| 7:08 | Lootuskukka · wall_segment Palisade Wall x7 |
| 8:10 | Lootuskukka · wall_segment Palisade Wall x18 |
| 8:34 | Kurminog · wall_segment Palisade Wall x1 |
| 8:40 | Kurminog · wall_segment Palisade Wall x1 |
| 8:41 | Kurminog · wall_segment Palisade Wall x1 |
| 8:50 | Kurminog · wall_segment Palisade Wall x1 |
| 8:58 | Kurminog · wall_segment Palisade Wall x1 |
| 9:15 | Kurminog · wall_segment Palisade Wall x1 |
| 9:17 | Kurminog · age_up feudal |
| 9:18 | Kurminog · first_building Barracks |
| 9:19 | Lootuskukka · wall_segment Palisade Wall x7 |
| 9:33 | Lootuskukka · wall_segment Palisade Wall x11 |
| 9:45 | Lootuskukka · wall_segment Palisade Wall x1 |
| 9:49 | Lootuskukka · wall_segment Palisade Wall x1 |
| 9:50 | Lootuskukka · wall_segment Palisade Wall x1 |
| 9:51 | Lootuskukka · wall_segment Palisade Wall x1 |
| 9:54 | Kurminog · wall_segment Palisade Wall x1 |
| 9:56 | Kurminog · wall_segment Palisade Wall x1 |
| 10:04 | Kurminog · wall_segment Palisade Wall x1 |
| 10:09 | Lootuskukka · wall_segment Palisade Wall x2 |
| 10:34 | Kurminog · first_building Archery Range |
| 10:37 | Lootuskukka · wall_segment Palisade Wall x4 |
| 10:43 | Lootuskukka · wall_segment Palisade Wall x1 |
| 10:46 | Lootuskukka · wall_segment Palisade Wall x1 |
| 10:47 | Lootuskukka · wall_segment Palisade Wall x1 |
| 11:21 | Lootuskukka · wall_segment Palisade Wall x1 |
| 11:48 | Lootuskukka · wall_segment Palisade Wall x1 |
| 12:00 | Lootuskukka · age_up feudal |
| 12:08 | Lootuskukka · first_building Archery Range |
| 13:05 | Kurminog · wall_segment Palisade Wall x1 |
| 13:35 | Kurminog · wall_segment Palisade Wall x1 |
| 13:35 | Kurminog · wall_segment Palisade Wall x1 |
| 13:51 | Lootuskukka · wall_segment Palisade Wall x1 |
| 16:00 | Kurminog · first_market_buy 100 food |
| 16:20 | Kurminog · first_market_sell 100 wood |
| 18:26 | Lootuskukka · age_up castle |
| 18:54 | Kurminog · first_building Stable |
| 19:48 | Kurminog · age_up castle |
| 20:46 | Kurminog · first_building Castle |
| 20:59 | Lootuskukka · first_building Stable |
| 22:22 | Kurminog · wall_segment Palisade Wall x1 |
| 23:07 | Kurminog · first_building Monastery |
| 26:28 | Lootuskukka · wall_segment Palisade Wall x1 |
| 28:09 | Lootuskukka · first_building Castle |
| 28:34 | Lootuskukka · first_building Monastery |
| 29:50 | Lootuskukka · wall_segment Palisade Wall x1 |
| 32:07 | Lootuskukka · age_up imperial |
| 32:12 | Lootuskukka · first_market_sell 100 food |
| 34:44 | Kurminog · age_up imperial |
| 39:40 | Lootuskukka · first_market_buy 100 wood |
| 45:20 | Kurminog · resign |
[ AI ANALYSIS · 1 CREDIT ]
What really happened in this match?
Wolo.gg analyzes every decision: build order, eco, micro, common mistakes by bracket. Personalized analysis on WhatsApp or Discord in 30 seconds.
Civ guide
Berbers
Perfil
Kurminog